 Dungeon Crawl Stone Soup version 0.18.1-50-g88ac8fd (console) character file.

57 CALLOUS the Ducker (level 3, 0/19 HPs)
             Began as a Spriggan Abyssal Knight on Apr 25, 2019.
             Was a Believer of Lugonu.
             Killed by divine providence
             ... invoked by an orc priest
              (9 damage)
             ... on level 3 of the Dungeon.
             The game lasted 00:31:28 (2275 turns).

CALLOUS the Ducker (Spriggan Abyssal Knight)        Turns: 2275, Time: 00:31:29

Health: 0/19       AC:  2    Str:  8    XL:     3   Next: 73%
Magic:  5/5        EV: 21    Int: 13    God:    Lugonu [**....]
Gold:   69         SH:  0    Dex: 16    Spells: 0 memorised, 2 levels left

rFire  . . .     SeeInvis +     a - +3 dagger (venom)
rCold  . . .     Gourm    .     g - +0 robe
rNeg   . . .     Faith    .     (shield restricted)
rPois  .         Spirit   .     (helmet restricted)
rElec  .         Dismiss  .     (no cloak)
rCorr  .         Reflect  .     (gloves unavailable)
SustAt .         Harm     .     (boots unavailable)
MR     .....                    (no amulet)
Stlth  ++........               (no ring)
                                (no ring)

@: very quick, not resistant to hostile enchantments, unstealthy
A: unfitting armour, see invisible, herbivore 3, speed 3, slow metabolism 2
a: Depart the Abyss, Bend Space, Renounce Religion


You were on level 3 of the Dungeon.
You worshipped Lugonu.
Lugonu was pleased with you.
You were not hungry.

You visited 1 branch of the dungeon, and saw 3 of its levels.
You visited the Abyss 1 time.

You collected 69 gold pieces.

Inventory:

Hand Weapons
 a - a +3 dagger of venom (weapon)
 b - a +1 spear
Missiles
 f - 6 stones (quivered)
 n - 8 exploding tomahawks
Armour
 g - a +0 robe (worn)
Scrolls
 d - 2 scrolls of random uselessness {unknown}
 e - a scroll of identify {unknown}
 k - a scroll of enchant weapon {unknown}
 m - a scroll of enchant armour {unknown}
 p - a scroll of noise {unknown}
 q - a scroll of immolation {unknown}
 r - a scroll of amnesia {unknown}
 s - a scroll of teleportation {unknown}
Potions
 h - a potion of might {unknown}
 j - a potion of curing {unknown}
 o - a potion of berserk rage {unknown}
Comestibles
 c - 3 bread rations
 t - 4 fruits


   Skills:
 - Level 2.4 Fighting
 - Level 1.3 Polearms
 * Level 5.7 Dodging
 * Level 2.7 Stealth
 - Level 1.7 Invocations


You had 2 spell levels left.
You didn't know any spells.

Dungeon Overview and Level Annotations

Branches:
Dungeon (3/15)

Altars:
Nemelex Xobeh
Okawaru

Annotations:
D:2 3aD, exclusions: 2 adders and kobold
D:3 3aD, exclusion: adder


Innate Abilities, Weirdness & Mutations

You are tiny and cannot use many weapons and most armour.
You have supernaturally acute eyesight.
You are a herbivore.
You cover ground extremely quickly.
You need consume almost no food.


Message History

Unknown command.
Wield which item (- for none, * to show all)? (? for menu, Esc to quit)
Your +3 dagger of venom begins to drip with poison!
a - a +3 dagger of venom (weapon)
You closely miss the orc wizard.
The orc wizard mumbles some strange words.
The orc wizard blinks!
The kobold throws a stone.
The stone misses you. The ooze hits you but does no damage.
Press: ? - help, v - describe, . - travel
Here: an orc priest, wielding a trident of venom The floor.
Okay, then.
The kobold throws a stone.
The stone closely misses you.
The orc priest invokes the aid of Beogh against you.
Beogh smites you!
Ouch! That really hurt!
You see here a stone.
The orc priest calls down the wrath of Beogh upon you.
Beogh smites you!
You die...

#.# #.# ##########.#
#.......##.# #..#####.##.#
#.. #[##.# # #..
###.##.########.#.# #
#.o###....)............#
#.#....#.#.##.########.###
...o.#.#.#.@#.# ..
o.........o(#(# ##
#....o..o..o.....J.#
.o.....####...#....# .
.[...# #.#.#....# K ....#
#.#.#....# ####...#
#.#.#...)# ..##...#
#.#.#...K#
#.##...####.#.#......
......†...#.#.########
#.##.####.#.#..


You could see an orc priest, an orc wizard, an ooze and a kobold.

Vanquished Creatures
  An ooze (D:2)
  A dart slug (D:1)
  2 orcs (D:3)
  A ball python (D:2)
  3 giant cockroaches
  6 goblins
  7 hobgoblins
  4 jackals (D:1)
  3 kobolds
  A quokka (D:2)
  6 bats
  2 giant newts
  8 rats
45 creatures vanquished.

Notes
Turn   | Place    | Note
--------------------------------------------------------------
     0 | Abyss:1  | CALLOUS the Spriggan Abyssal Knight began the quest for the Orb.
     0 | Abyss:1  | Reached XP level 1. HP: 11/11 MP: 3/3
    12 | D:1      | Escaped the Abyss
   106 | D:1      | Reached skill level 4 in Dodging
   256 | D:1      | Reached XP level 2. HP: 16/16 MP: 4/4
   419 | D:1      | Reached skill level 1 in Stealth
   893 | D:1      | Reached XP level 3. HP: 19/19 MP: 5/5
   898 | D:1      | Reached ** piety under Lugonu
   898 | D:1      | Reached skill level 5 in Dodging
  1517 | D:2      | Found a sparkling altar of Nemelex Xobeh.
  1731 | D:3      | Found an iron altar of Okawaru.
  2275 | D:3      | Killed from afar by an orc priest

Skill      XL: |  1  2  3 |
---------------+----------+-----
Dodging        | 4 5 |  5.7
Stealth        | 2 |  2.7
Fighting       | |  2.4
Polearms       | |  1.3
Invocations    | |  1.7

Action                   || total
-------------------------++-------
Melee: Spear             ||   100
       Dagger            ||    37
Throw: Stone             ||     9
 Stab: Sleeping          ||     4
Armor: Robe              ||     8
Dodge: Dodged            ||    51
